 Dungeon Crawl Stone Soup version 0.20-a0-870-g4070442 (webtiles) character file.

708083 Vile the Conqueror (level 27, -5/462 HPs)
             Began as a Minotaur Fighter on Mar 13, 2017.
             Was an Elder of Trog.
             Slain by an Orb Guardian (15 damage)
             ... on level 5 of the Realm of Zot on Mar 14, 2017.
             The game lasted 05:36:05 (85009 turns).

Vile the Conqueror (Minotaur Fighter)              Turns: 85009, Time: 05:36:05

Health: -5/462     AC: 49    Str: 38    XL:     27
Magic:  21/23      EV: 25    Int:  8    God:    Trog [****..]
Gold:   5479       SH: 13    Dex: 25    Spells: 26/26 levels left

rFire    + + .     SeeInvis +   W - +8 trident of Kerobuej {elec, MP-9 Str+5 Int+3 SInv}
rCold    + . .     Gourm    .   v - +7 crystal plate armour of Ovyuraucwe {+Fly rN+}
rNeg     + . .     Faith    .   t - +0 buckler "Ratri Koalo" {*Slow rElec rCorr Dex+4}
rPois    .         Spirit   .   (helmet restricted)
rElec    +         Reflect  +   w - scarf {repulsion}
rCorr    +         Harm     .   S - +2 pair of gloves {Str+3}
MR       ++...                  m - +2 pair of boots {run}
Stlth    ..........             D - +3 amulet of reflection
Regen    0.9/turn               F - ring of the Messenger {rF+ rC+ Dex+2}
MPRegen  0.2/turn               P - ring of protection from fire

@: mighty, berserking, slowed, drained, repel missiles, quick
A: retaliatory headbutt, horns 2, iridescent scales 1, rugged brown scales 1,
robust 1
}: 3/15 runes: serpentine, barnacled, silver
a: Berserk, Trog's Hand, Brothers in Arms, Burn Spellbooks, Renounce Religion,
Evoke Flight


You were on level 5 of the Realm of Zot.
You worshipped Trog.
Trog was greatly pleased with you.
You were hungry.

You visited 11 branches of the dungeon, and saw 53 of its levels.
You visited the Abyss 3 times.
You visited 1 bazaar.
You also visited: Ossuary, Bailey and Volcano.

You collected 7716 gold pieces.
You spent 2237 gold pieces at shops.

Inventory:

Hand Weapons
 E - the +10 spear of Kozoigimm {freeze, rPois MR+ Dex+2}
   (You found it on level 4 of the Dungeon)

   It has been specially enchanted to freeze those struck by it, causing extra
   injury to most foes and up to half again as much damage against particularly
   susceptible opponents.
   It can also slow down cold-blooded creatures.
   It affects your dexterity (+2).
   It protects you from poison.
   It affects your resistance to hostile enchantments.
 M - the +9 shortbow of Governance {freeze, Stlth+}
   (You found it on level 1 of the Snake Pit)

   It causes projectiles fired from it to freeze those they strike, causing
   extra injury to most foes and up to half again as much damage against
   particularly susceptible opponents.
   They can also slow down cold-blooded creatures.
   It makes you more stealthy.
 W - the +8 trident of Kerobuej (weapon) {elec, MP-9 Str+5 Int+3 SInv}
   (You found it on level 3 of the Lair of Beasts)

   Occasionally, upon striking a foe, it will discharge some electrical energy
   and cause terrible harm.
   It affects your strength (+5).
   It affects your intelligence (+3).
   It affects your magic capacity (-9).
   It lets you see invisible.
Missiles
 e - 1618 stones (quivered)
 C - 2431 arrows
Armour
 f - a +1 hat
 m - a +2 pair of boots of running (worn)
 t - the +0 buckler "Ratri Koalo" (worn) {*Slow rElec rCorr Dex+4}
   (You found it on level 2 of the Depths)

   It affects your dexterity (+4).
   It insulates you from electricity.
   It protects you from acid and corrosion.
   It may slow you when you take damage.
 v - the +7 crystal plate armour of Ovyuraucwe (worn) {+Fly rN+}
   (You acquired it on level 2 of the Abyss)

   It protects you from negative energy.
   It lets you fly.
 w - a scarf of repulsion (worn)
 S - a +2 pair of gloves of strength (worn)
Jewellery
 r - the ring of Owelal {rF- rN++ MR+ Dex-3}
   (You bought it in a shop on level 4 of the Vaults)

   [ring of dexterity]

   It affects your dexterity (-3).
   It makes you vulnerable to fire.
   It greatly protects you from negative energy.
   It affects your resistance to hostile enchantments.
 D - a +3 amulet of reflection (around neck)
 F - the ring of the Messenger (right hand) {rF+ rC+ Dex+2}
   (You took it off a merfolk on level 4 of the Shoals)

   [ring of protection from fire]

   It affects your dexterity (+2).
   It protects you from fire.
   It protects you from cold.
 K - an uncursed ring of fire
 P - a ring of protection from fire (left hand)
Wands
 a - a wand of flame (43/48)
 y - a wand of confusion (14/48)
 G - a wand of lightning (7/15)
 O - a wand of acid (7/15)
 R - a wand of iceblast (5/15)
 T - a wand of scattershot (3/9)
 X - a wand of disintegration (4/24)
 Z - a wand of paralysis (4/24)
Scrolls
 g - a scroll of holy word
 k - 37 scrolls of remove curse
 o - 4 scrolls of blinking
 q - 11 scrolls of identify
 x - 3 scrolls of fog
 H - 14 scrolls of teleportation
 I - 6 scrolls of recharging
 Q - 2 scrolls of fear
 V - a scroll of brand weapon
 Y - 4 scrolls of summoning
Potions
 b - 2 potions of ambrosia
 c - 9 potions of resistance
 h - 17 potions of curing
 n - 2 potions of mutation
 s - 6 potions of berserk rage
 u - 2 potions of brilliance
 B - 2 potions of agility
 J - 8 potions of cancellation
 L - 16 potions of flight
 N - 6 potions of invisibility
 U - 5 potions of might
Miscellaneous
 i - a phial of floods
 j - 6 boxes of beasts
 z - a phial of floods
 A - a sack of spiders
Comestibles
 d - 20 royal jellies


   Skills:
 O Level 27(26.5) Fighting
   Level 14.0(13.6) Maces & Flails
 + Level 20.1(19.7) Polearms
 - Level 11.2(10.9) Bows
 - Level 7.4(7.1) Throwing
 O Level 27(26.5) Armour
 + Level 20.2(19.8) Dodging
 - Level 15.4(15.1) Stealth
 - Level 20.0(19.6) Shields
 - Level 14.6(14.3) Evocations


You had 26 spell levels left.
You didn't know any spells.

Dungeon Overview and Level Annotations

Branches:
Dungeon (15/15)            Temple (1/1) D:7            Lair (6/6) D:8
 Shoals (4/4) Lair:4        Snake (4/4) Lair:3        Slime (0/5) Lair:5
    Orc (2/2) D:9             Elf (3/3) Orc:2        Vaults (5/5) D:13
  Crypt (3/3) Vaults:2       Tomb (0/3) Crypt:3      Depths (5/5) D:15
    Zot (5/5) Depths:5

Altars:
Ashenzari
Cheibriados
Dithmenos
Elyvilon
Fedhas
Gozag
Hepliaklqana
Kikubaaqudgha
Makhleb
Okawaru
Qazlal
Ru
Sif Muna
Trog
Vehumet
Yredelemnul
Zin
The Shining One

Shops:
D:10 [   D:11 *   Orc:2 =}*!(   Snake:2 (   Snake:4 *   Vaults:4 =*
Depths:3 }}=

Portals:
Hell: Depths:1 Depths:2 Depths:3 Depths:4 Depths:5
Abyss: Depths:3 Depths:4 Depths:5
Pandemonium: Depths:3
Ziggurat: Depths:2

Annotations:
D:13 exclusion: 3 oklob plants
Lair:3 exclusion: oklob plant
Lair:5 exclusion: 2 oklob plants
Vaults:5 1 exclusion
Zot:4 2 exclusions


Innate Abilities, Weirdness & Mutations

You reflexively headbutt those who attack you in melee.
You have a pair of horns on your head.
You are partially covered in iridescent scales. (AC +2)
You are partially covered in rugged brown scales. (AC +1, +3% HP)
You are robust. (+10% HP)


Message History

You puncture the Orb Guardian!
You headbutt the Orb Guardian, but do no damage.
The Orb Guardian is heavily wounded.
The Orb Guardian barely misses you. You furiously retaliate!
You headbutt the Orb Guardian!! The Orb Guardian closely misses you. x2
You furiously retaliate!
You headbutt the Orb Guardian. The Orb Guardian closely misses you.
You hit the Orb Guardian. You headbutt the Orb Guardian!
The Orb Guardian is severely wounded.
The Orb Guardian hits you but does no damage.
You block the Orb Guardian's attack.
You skewer the ancient lich like a kebab!!!
The ancient lich is heavily damaged.
You hear a shout!
The Orb Guardian completely misses you.
The orb of fire glows red.
The bolt of fire hits you! You resist.
* * * LOW HITPOINT WARNING * * *
You block the Orb Guardian's attack. The Orb Guardian hits you!
You die...

....L,,###...###########...***,,,
......##)†..## *#.,,,**,,
......^.).### ***,,,,,,
▓▓▓▓▓▓▓▓▓▓# ******* ,,,,,,****
****,, ,,,,,,,,,*** ***,,,,,
,,,,,,,,,,,** **,,,,,,,
,,,,,,,,,,,,* ▓▓▓▓▓▓▓▓▓ *,,,,,,,,
,,,,,,,,,,,,**▓X@LX...▓**,,,,,,,,
,,,,,,,,,,,,*▓XX*XX.D..▓*,,,,,,,,
,,,,,,,,,,,,▓§XXXX......*,,,,,,,,
,,,,,,,,,,,.......0.D...,,,,,,,,,
,,,,,,,,,...▓...........*,,,,,,,,
,,,,,,,,,..,▓▓.........▓*,,,,,,,,
,,,,,,,,,.,,*▓▓.......▓▓*,,,,,,,,
,,,,,,,,,,,,* ▓▓▓▓▓▓▓▓▓ *,,,,,,,,
,,,,,,,,,,,** **,,,,,,,


You could see an orb of fire, a golden dragon, an ancient lich, a storm dragon
and 10 Orb Guardians.

Vanquished Creatures
  5 orbs of fire
  3 ancient liches
  Mara (Crypt:3)
  A juggernaut (Depths:1)
  A greater mummy (Crypt:3)
  Boris (Crypt:3)
  Saint Roka (Orc:2)
  Frederick (Crypt:3)
  Margery (Depths:4)
  4 curse toes
  14 golden dragons
  the Enchantress (Depths:2)
  A bone dragon (Depths:4)
  Jory (Vaults:2)
  4 electric golems
  5 liches
  21 tentacled monstrosities
  Rupert (Lair:3)
  Jorgrun (Depths:2)
  8 Orb Guardians (Zot:5)
  5 titans
  Asterion (Depths:2)
  6 quicksilver dragons
  A deep elf master archer (Elf:3)
  2 deep elf blademasters (Elf:2)
  8 sphinxes
  7 death cobs
  Gastronok (D:13)
  7 ancient champions
  14 storm dragons
  2 tentacled starspawn (Abyss:5)
  12 shadow dragons
  6 tengu reavers
  Kirke (Lair:5)
  Ilsuiw (Shoals:4)
  3 revenants
  6 draconian monks
  5 draconian scorchers
  The ghost of Eptagon the Imperceptible, an adept SpEn of Gozag (Shoals:4)
  22 vault wardens
  Aizul (Snake:2)
  17 nagarajas (Snake:4)
  3 ghost moths
  13 fire giants
  A cacodemon (Abyss:1)
  5 draconian knights
  7 draconian shifters
  12 frost giants
  A balrug (Depths:1)
  5 deep elf sorcerers
  An orc warlord (Orc:1)
  6 deep elf elementalists
  Louise (Elf:2)
  3 draconian stormcallers
  7 spriggan defenders
  11 ghouls
  4 draconian annihilators
  2 war gargoyles
  20 very ugly things
  20 stone giants
  16 ironheart preservers
  3 juggernaut skeletons
  7 caustic shrike skeletons
  7 vampire knights
  An entropy weaver (shapeshifter) (Vaults:5)
  13 green draconians
  8 purple draconians
  3 entropy weavers
  13 deep elf demonologists
  8 black draconians
  12 yellow draconians
  2 dire elephants
  6 deep elf annihilators
  10 red draconians
  7 spark wasps
  11 white draconians
  7 eidola
  6 deep elf death magi
  Snorg (Lair:5)
  7 merfolk javelineers
  The ghost of Aksej the Fencer, a journeyman DsGl of Wu Jian (D:12)
  6 mummy priests (Crypt:3)
  17 jiangshi
  8 merfolk impalers
  21 ettins
  18 yaktaur captains
  Josephine (Orc:2)
  21 ogre magi
  12 fire dragons
  4 deep elf high priests
  The ghost of Toogi the Fighter, a journeyman DrTm of Nemelex Xobeh (D:11)
  10 great orbs of eyes
  10 hydras
  32 naga warriors
  2 hydras (shapeshifter)
  9 ice dragons
  35 vault guards
  5 merfolk avatars
  7 rakshasas
  9 spriggan air magi
  53 two-headed ogres
  2 anacondas (shapeshifter)
  10 centaur warriors
  3 anacondas
  2 alligator snapping turtles
  A catoblepas (D:15)
  6 merfolk aquamancers (Shoals:4)
  8 deep troll shamans
  A satyr (Shoals:3)
  33 dancing weapons
  12 death yaks
  3 death knights
  2 orc high priests
  3 thrashing horrors
  15 hell knights
  15 naga sharpshooters
  6 shock serpents
  7 spriggan berserkers
  The ghost of lolicon the Carver, a novice OpFi of Gozag (D:9)
  10 deep troll earth magi
  6 tengu warriors
  10 vampire magi
  29 deep elf knights
  A storm dragon zombie (Crypt:1)
  A hell hog (Abyss:5)
  Urug (D:10)
  2 soul eaters
  Sonja (Lair:4)
  A titan skeleton (Vaults:4)
  2 iron trolls (Depths:4)
  29 skeletal warriors
  3 shadow wraiths
  3 wretched stars
  A fire crab (shapeshifter) (Depths:4)
  4 salamander mystics
  A glowing orange brain (Vaults:1)
  7 spriggan druids (Depths:2)
  A spatial maelstrom (Abyss:2)
  8 sea snakes
  3 unseen horrors
  2 wizards
  9 flayed ghosts
  36 deep trolls
  21 deep elf archers
  16 ironbrand convokers
  A lindwurm (Lair:5)
  4 phantasmal warriors
  25 harpies
  6 naga ritualists
  16 orc knights
  8 mana vipers
  A mana viper (shapeshifter) (Vaults:4)
  A wolf spider zombie (D:13)
  9 necromancers
  36 ugly things
  A faun (Shoals:1)
  9 wolf spiders
  A fire giant zombie (Vaults:5)
  15 orc sorcerers
  13 salamanders
  20 manticores
  A shining eye (shapeshifter) (Depths:1)
  15 cyclopes
  66 deep elf magi
  A salamander (shapeshifter) (Vaults:3)
  A wolf spider (shapeshifter) (Depths:4)
  25 moths of wrath
  A centaur zombie (D:13)
  3 worldbinders
  12 merfolk sirens
  38 black mambas
  18 vault sentinels
  10 guardian serpents
  A frost giant skeleton (Vaults:4)
  2 stone giant skeletons
  3 molten gargoyles
  An elephant (shapeshifter) (Vaults:4)
  A torpor snail (Lair:3)
  16 naga magi
  4 water nymphs
  A water nymph (shapeshifter) (Vaults:5)
  13 spiny frogs
  A black draconian zombie (Crypt:1)
  3 centaur skeletons
  A yaktaur zombie (Depths:1)
  4 komodo dragons
  A hellion (Abyss:1)
  10 freezing wraiths
  3 yaktaurs (shapeshifter)
  A rime drake (shapeshifter) (Vaults:1)
  56 yaktaurs
  2 ice devils (Abyss:2)
  2 efreet
  3 hellwings (Depths:1)
  4 rime drakes
  27 merfolk
  2 red devils (Depths:1)
  3 ancient zymes (Abyss:2)
  6 tengu conjurers
  33 guardian mummies (Crypt:3)
  10 trolls
  A green draconian skeleton (Crypt:3)
  A queen bee (D:13)
  A jumping spider (Vaults:4)
  A meliai (shapeshifter) (Depths:3)
  A minotaur zombie (Crypt:3)
  5 meliai
  5 wind drakes
  A tengu simulacrum (Vaults:5)
  22 hornets
  A hornet (shapeshifter) (D:14)
  A moth of wrath zombie (Crypt:1)
  7 raiju (Abyss:5)
  A hippogriff (shapeshifter) (Vaults:3)
  3 bog bodies
  4 blink frogs
  A snapping turtle (shapeshifter) (Vaults:5)
  22 dream sheep
  31 slime creatures
  6 snapping turtles
  11 hippogriffs
  A frost giant simulacrum (Depths:1)
  A fire dragon skeleton (Depths:1)
  19 flying skulls
  42 spriggans
  3 air elementals
  4 shadows
  Sigmund (D:6)
  10 wraiths
  2 ynoxinuls
  A redback (shapeshifter) (Elf:3)
  61 yaks
  3 tarantellas
  2 spriggans (shapeshifter)
  8 wyverns
  6 ushabtiu (Crypt:3)
  11 redbacks
  6 large abominations
  A vampire (Abyss:2)
  19 fire bats
  22 water elementals
  A basilisk (Lair:2)
  2 golden eyes (Abyss:5)
  A basilisk (shapeshifter) (Vaults:5)
  8 fire elementals
  6 hogs (Lair:5)
  A chaos spawn (Abyss:5)
  A hungry ghost (D:11)
  10 vampire mosquitoes
  A neqoxec (Abyss:5)
  8 wargs
  A yaktaur simulacrum (Vaults:2)
  A soldier ant (D:13)
  A swamp worm (shapeshifter) (Vaults:5)
  3 acid dragons
  83 nagas
  A soldier ant (shapeshifter) (Depths:4)
  A spatial vortex (Abyss:5)
  26 water moccasins
  8 porcupines
  Duvessa (D:7)
  46 orc warriors
  3 ice beasts
  6 small abominations
  6 sky beasts
  3 black bears
  An eye of draining (D:8)
  2 phantoms
  6 boggarts
  39 ogres
  21 centaurs
  A centaur (shapeshifter) (Vaults:4)
  A tengu (shapeshifter) (D:15)
  7 necrophages
  4 wolves (Lair:3)
  A crocodile (shapeshifter) (D:13)
  20 crocodiles
  2 big kobolds (D:13)
  A hippogriff zombie (Crypt:3)
  An octopode zombie (Crypt:2)
  An earth elemental (Elf:2)
  15 bullfrogs
  A salamander skeleton (Crypt:3)
  A gnoll sergeant (Orc:1)
  3 elf skeletons
  Dowan (D:7)
  A cyclops zombie (Crypt:2)
  A cyclops skeleton (Crypt:2)
  7 scorpions
  A water moccasin zombie (D:8)
  2 wyvern skeletons
  2 water moccasin skeletons
  47 killer bees
  18 wights
  A spriggan skeleton (Crypt:2)
  5 howler monkeys
  6 electric eels
  5 lava snakes
  11 crimson imps
  2 bullfrog zombies
  12 starcursed masses (Abyss:5)
  A black bear zombie (Crypt:1)
  4 quasits
  An iron imp (Abyss:2)
  A bullfrog skeleton (D:12)
  A human simulacrum (Vaults:2)
  A jelly (shapeshifter) (Vaults:5)
  3 human zombies
  24 orc priests
  2 hounds
  7 jellies
  34 orc wizards
  4 iguanas
  2 human skeletons
  7 worker ants
  A killer bee zombie (D:8)
  2 big kobold zombies (Ossuary)
  A deep dwarf zombie (Crypt:2)
  A crocodile skeleton (Crypt:2)
  A dwarf skeleton (Crypt:2)
  3 hound zombies
  A felid skeleton (Crypt:3)
  A hound skeleton (Crypt:1)
  17 mummies
  15 gnolls
  16 adders
  5 shadow imps
  A white imp (Abyss:2)
  6 oozes
  An adder zombie (Ossuary)
  An adder skeleton (D:4)
  2 dart slugs
  A lava snake skeleton (Crypt:1)
  2 leopard geckos
  97 orcs
  8 giant cockroaches
  11 goblins
  12 hobgoblins
  10 jackals
  16 kobolds
  8 quokkas
  4 ball pythons
  A ball python zombie (Crypt:3)
  3 bats
  5 frilled lizards
  A gnoll zombie (Ossuary)
  3 hobgoblin zombies (Ossuary)
  A jackal skeleton (Crypt:1)
  A jackal zombie (Ossuary)
  A kobold zombie (Ossuary)
  2 leopard gecko skeletons
  A leopard gecko zombie (D:5)
  An orc skeleton (D:8)
  2 orc zombies
  A quokka skeleton (D:4)
  A quokka zombie (D:6)
  11 rats
  A rat (shapeshifter) (Vaults:5)
  A rat zombie (Crypt:3)
  2 crawling corpses (Vaults:5)
  A lurking horror (Abyss:2)
  2 starspawn tentacles (Abyss:5)
2872 creatures vanquished.

Vanquished Creatures (collateral kills)
  A golden dragon (Zot:1)
  A tentacled monstrosity (Zot:1)
  A deep elf master archer (Elf:3)
  A draconian monk (Zot:1)
  A vault warden (Vaults:5)
  A draconian shifter (Zot:1)
  A stone giant (Vaults:5)
  A vault guard (Vaults:5)
  A meliai (D:13)
  2 guardian mummies (Crypt:3)
  2 hornets (Depths:2)
  A spriggan (Depths:2)
  A wraith (D:13)
  2 water moccasins (Lair:6)
17 creatures vanquished.

Vanquished Creatures (others)
  3 stone giants
  Nessos (Orc:2)
  4 yaktaur captains
  A centaur warrior (Vaults:1)
  An ogre mage (Vaults:5)
  4 naga sharpshooters
  3 deep elf knights
  A wizard (Vaults:3)
  An ironbrand convoker (Vaults:5)
  A deep elf mage (Elf:1)
  A necromancer (Depths:1)
  6 cyclopes
  A vault sentinel (Vaults:5)
  21 yaktaurs
  A flying skull (Crypt:3)
  A golden eye (Abyss:5)
  A large abomination (Abyss:5)
  A small abomination (Abyss:5)
  A porcupine (shapeshifter) (Abyss:5)
  2 orc warriors
  A centaur (D:12)
  3 killer bees (D:13)
  An orc priest (Orc:2)
  A gnoll (D:9)
  2 orcs
  A crawling corpse (Vaults:5)
  A fire vortex (Lair:1)
  13 fungi
  A lurking horror (Abyss:2)
  17 plants
  14 starspawn tentacles (Abyss:5)
  12 withered plants (Crypt:3)
123 creatures vanquished.

Grand Total: 3012 creatures vanquished

Notes
Turn   | Place    | Note
-------+----------+-------------------------------------------
     0 | D:1      | Vile the Minotaur Fighter began the quest for the Orb.
     0 | D:1      | Reached XP level 1. HP: 19/19 MP: 0/0
    58 | D:1      | Reached XP level 2. HP: 25/27 MP: 1/1
   220 | D:1      | Reached XP level 3. HP: 29/33 MP: 2/2
   896 | D:2      | Reached XP level 4. HP: 29/41 MP: 3/3
  1440 | D:3      | Found a glowing golden altar of the Shining One.
  1476 | D:3      | Reached XP level 5. HP: 47/47 MP: 4/4
  1977 | D:4      | Found an ancient bone altar of Kikubaaqudgha.
  2032 | D:4      | Reached skill level 5 in Armour
  2069 | D:4      | Found a radiant altar of Vehumet.
  2071 | D:4      | Identified Vehumet's Disquisition on Blows and Bruises
  2074 | D:4      | Found a deep blue altar of Sif Muna.
  2229 | D:4      | Reached skill level 5 in Fighting
  2284 | D:4      | Reached XP level 6. HP: 20/56 MP: 5/5
  2729 | D:4      | Got a twisted spear
  2730 | D:4      | Identified the +10 spear of Kozoigimm {freeze, rPois MR+ Dex+2} (You found it on level 4 of the Dungeon)
  2787 | D:4      | Found a shadowy altar of Dithmenos.
  3068 | D:5      | Entered Level 5 of the Dungeon
  3089 | D:5      | Reached XP level 7. HP: 63/63 MP: 6/6
  3184 | D:5      | Found a stormy altar of Qazlal.
  3400 | D:5      | Reached skill level 5 in Polearms
  3669 | D:6      | Reached XP level 8. HP: 73/73 MP: 7/7
  4008 | D:6      | Gained mutation: You have large cloven feet. [mutagenic meat]
  4009 | D:6      | Gained mutation: Your flesh is heat resistant. (rF+) [mutagenic meat]
  4010 | D:6      | Gained mutation: Your natural rate of healing is unusually fast. [mutagenic meat]
  4011 | D:6      | Gained mutation: You are partially covered in thin metallic scales. (AC +2) [mutagenic meat]
  4012 | D:6      | Gained mutation: Your flesh is very heat resistant. (rF++) [mutagenic meat]
  4030 | D:6      | Found an iron altar of Okawaru.
  4087 | D:6      | Noticed Sigmund
  4092 | D:6      | Killed Sigmund
  4292 | D:6      | Found a snail-covered altar of Cheibriados.
  4366 | D:7      | Noticed Duvessa
  4368 | D:7      | Noticed Dowan
  4375 | D:7      | Killed Duvessa
  4381 | D:7      | Killed Dowan
  4652 | D:7      | Reached XP level 9. HP: 82/82 MP: 8/8
  4705 | D:7      | Reached skill level 10 in Polearms
  4725 | D:7      | Found an opulent altar of Gozag.
  4729 | D:7      | Found a basalt altar of Yredelemnul.
  4736 | D:7      | Found a glowing silver altar of Zin.
  4778 | D:7      | Found a staircase to the Ecumenical Temple.
  4805 | Temple   | Entered the Ecumenical Temple
  4817 | Temple   | Became a worshipper of Trog the Wrathful
  4946 | D:7      | Found a flagged portal.
  4964 | Bailey   | Entered a bailey
  4980 | Bailey   | Noticed an orc knight
  5192 | D:8      | Reached * piety under Trog
  5200 | D:8      | Reached skill level 10 in Fighting
  5253 | D:8      | Found a staircase to the Lair.
  5254 | D:8      | Noticed a two-headed ogre
  5264 | D:8      | Killed a two-headed ogre
  5264 | D:8      | Reached XP level 10. HP: 76/94 MP: 0/9
  5306 | D:8      | Found a blossoming altar of Fedhas.
  5618 | D:8      | Found a sand-covered staircase.
  5623 | Ossuary  | Entered an ossuary
  5637 | Ossuary  | Reached ** piety under Trog
  5877 | D:8      | Found a white marble altar of Elyvilon.
  5924 | Lair:1   | Entered Level 1 of the Lair of Beasts
  5924 | Lair:1   | Noticed a molten gargoyle
  5943 | Lair:1   | Killed a molten gargoyle
  6035 | Lair:1   | Noticed a salamander
  6053 | Lair:1   | Killed a salamander
  6387 | Lair:1   | Reached *** piety under Trog
  6410 | Lair:1   | Reached XP level 11. HP: 64/104 MP: 10/10
  7588 | Lair:3   | Got a warped trident
  7590 | Lair:3   | Identified the +8 trident of Kerobuej {elec, MP-9 Str+5 Int+3 SInv} (You found it on level 3 of the Lair of Beasts)
  7604 | Lair:3   | Got a pitted whip
  7605 | Lair:3   | Identified the +7 whip "Nalit" {slash, +Blink} (You found it on level 3 of the Lair of Beasts)
  7683 | Lair:3   | Noticed a seven-headed hydra
  7693 | Lair:3   | Killed a seven-headed hydra
  7714 | Lair:3   | Upgraded the game from 0.20-a0-869-gcf33cab to 0.20-a0-870-g4070442
  7790 | Lair:3   | Reached skill level 10 in Armour
  7823 | Lair:3   | Noticed Rupert
  7842 | Lair:3   | Killed Rupert
  8145 | Lair:3   | Found a staircase to the Snake Pit.
  8156 | Lair:3   | Reached **** piety under Trog
  8237 | Lair:3   | Reached XP level 12. HP: 115/115 MP: 11/11
  8347 | Lair:3   | Reached skill level 1 in Evocations
  8588 | Lair:4   | Noticed a four-headed hydra
  8597 | Lair:4   | Killed a four-headed hydra
  8603 | Lair:4   | Found a staircase to the Shoals.
  8620 | Lair:4   | Noticed Sonja
  8623 | Lair:4   | Got a transparent morningstar
  8641 | Lair:5   | Reached skill level 5 in Evocations
  8958 | Lair:4   | Killed Sonja
  9160 | Lair:4   | Found a dark tunnel.
  9174 | Lair:4   | Identified the +11 morningstar of the Yoke {speed, Dex+4} (You found it on level 4 of the Lair of Beasts)
  9177 | Volcano  | Entered a volcano
  9343 | Volcano  | Found a radiant altar of Vehumet.
  9343 | Volcano  | Noticed a two-headed ogre
  9343 | Volcano  | Noticed a two-headed ogre
  9343 | Volcano  | Noticed an ogre mage
  9343 | Volcano  | Noticed a two-headed ogre
  9348 | Volcano  | Killed a two-headed ogre
  9350 | Volcano  | Killed a two-headed ogre
  9355 | Volcano  | Killed a two-headed ogre
  9361 | Volcano  | Killed an ogre mage
  9402 | Volcano  | Noticed a two-headed ogre
  9408 | Volcano  | Killed a two-headed ogre
  9958 | Lair:5   | Noticed Kirke
  9978 | Lair:5   | Killed Kirke
  9978 | Lair:5   | Reached skill level 5 in Shields
  9978 | Lair:5   | Reached XP level 13. HP: 85/123 MP: 18/18
 10344 | Lair:5   | Noticed Snorg
 10355 | Lair:5   | Killed Snorg
 10390 | Lair:5   | Reached ***** piety under Trog
 10676 | Lair:5   | Found a staircase to the Slime Pits.
 11035 | Lair:6   | Entered Level 6 of the Lair of Beasts
 11228 | Lair:6   | Reached skill level 15 in Fighting
 11266 | Lair:6   | Received a gift from Trog
 12025 | Lair:6   | Reached skill level 10 in Shields
 12470 | Lair:6   | Reached XP level 14. HP: 123/137 MP: 19/19
 12743 | D:9      | Noticed lolicon's ghost (novice OpFi)
 12761 | D:9      | Killed lolicon's ghost
 12778 | D:9      | Found a staircase to the Orcish Mines.
 12859 | Orc:1    | Entered Level 1 of the Orcish Mines
 12871 | Orc:1    | Received a gift from Trog
 12877 | Orc:1    | Lost intelligence.
 12886 | D:9      | Cast into level 2 of the Abyss (orc warrior)
 13271 | Abyss:2  | Identified a scroll of acquirement
 13273 | Abyss:2  | Got a distressingly furry crystal plate armour
 13284 | Abyss:2  | Identified the +7 crystal plate armour of Ovyuraucwe {+Fly rN+} (You acquired it on level 2 of the Abyss)
 13284 | Abyss:2  | Lost intelligence.
 13585 | Abyss:2  | Noticed a deep elf sorcerer
 13594 | Abyss:2  | Noticed a bone dragon
 13604 | Abyss:2  | Killed a deep elf sorcerer
 13868 | Abyss:2  | Gained mutation: You are weak. (Str -2) [a neqoxec]
 13871 | D:9      | Escaped the Abyss
 14256 | D:9      | Found a burning altar of Makhleb.
 14619 | Orc:1    | Noticed an orc warlord
 14652 | Orc:1    | Killed an orc warlord
 14974 | Orc:2    | Entered Level 2 of the Orcish Mines
 15053 | Orc:2    | Found a staircase to the Elven Halls.
 15198 | Orc:2    | Noticed Saint Roka
 15641 | Snake:1  | Entered Level 1 of the Snake Pit
 15832 | Snake:1  | Received a gift from Trog
 15907 | Snake:1  | Lost mutation: You are weak. (Str -2) [potion of mutation]
 15907 | Snake:1  | Lost mutation: Your flesh is very heat resistant. (rF++) [potion of mutation]
 15907 | Snake:1  | Gained mutation: You are resistant to hostile enchantments. (MR+) [potion of mutation]
 15925 | Snake:1  | Identified a +0 pair of boots of running (You acquired it on level 1 of the Snake Pit)
 15930 | Snake:1  | Got a translucent mace {god gift}
 15934 | Snake:1  | Identified the +9 mace of the Shoals {flame, rElec Int+3} (Trog gifted it to you on level 1 of the Snake Pit)
 16048 | Snake:1  | Reached skill level 5 in Maces & Flails
 16064 | Snake:1  | Got a pitted shortbow
 16158 | Snake:1  | Reached skill level 1 in Bows
 16361 | Snake:1  | Reached XP level 15. HP: 66/152 MP: 12/20
 16902 | Snake:2  | Noticed Aizul
 16929 | Snake:2  | Killed Aizul
 16929 | Snake:2  | Reached skill level 1 in Dodging
 16929 | Snake:2  | Reached skill level 1 in Stealth
 17687 | Snake:2  | Reached skill level 5 in Dodging
 18142 | Snake:2  | Found Boneomp's Antique Weapon Boutique.
 18168 | Snake:2  | Received a gift from Trog
 18171 | Snake:2  | Got an iridescent quick blade {god gift}
 18683 | Orc:2    | Killed Saint Roka
 18897 | Orc:2    | Found Xeso's Weapon Shop.
 19112 | Orc:2    | Noticed Nessos
 19113 | Orc:2    | Noticed Josephine
 19126 | Orc:2    | Killed Nessos
 19127 | Orc:2    | Killed Josephine
 19144 | Orc:2    | Received a gift from Trog
 19521 | Orc:2    | Found Rurubu's Jewellery Shop.
 19521 | Orc:2    | Found Naceroy's General Store.
 19522 | Orc:2    | Found Xuety's Distillery.
 19531 | Orc:2    | Found Cuuj Umeka's Gadget Shop.
 19543 | Orc:2    | Bought a potion of curing for 45 gold pieces
 19543 | Orc:2    | Bought a potion of heal wounds for 75 gold pieces
 19543 | Orc:2    | Bought a potion of curing for 45 gold pieces
 19543 | Orc:2    | Bought a potion of curing for 45 gold pieces
 19543 | Orc:2    | Bought a potion of curing for 45 gold pieces
 19543 | Orc:2    | Bought a potion of curing for 45 gold pieces
 19545 | Orc:2    | Bought a potion of heal wounds for 75 gold pieces
 19547 | Orc:2    | Bought 2 potions of cancellation for 240 gold pieces
 20747 | Snake:3  | Reached XP level 16. HP: 99/162 MP: 21/21
 20749 | Snake:4  | Entered Level 4 of the Snake Pit
 21945 | Snake:4  | Found Wiememo's General Store.
 21956 | Snake:4  | Bought a royal jelly for 26 gold pieces
 22291 | Snake:4  | Got a black opal-encrusted plate armour
 22302 | Snake:4  | Identified the cursed +1 plate armour of Qudof {-Tele rPois rF+ Int+4} (You found it on level 4 of the Snake Pit)
 22378 | Snake:4  | Reached skill level 5 in Bows
 22544 | Snake:4  | Reached ****** piety under Trog
 22626 | Snake:4  | Received a gift from Trog
 23469 | Snake:4  | Received a gift from Trog
 23620 | Snake:4  | Reached skill level 15 in Armour
 24123 | Snake:4  | Reached XP level 17. HP: 173/173 MP: 22/22
 24353 | Snake:4  | Reached skill level 10 in Bows
 24737 | Snake:4  | Received a gift from Trog
 24860 | Snake:4  | Got a serpentine rune of Zot
 25136 | D:10     | Entered Level 10 of the Dungeon
 25158 | D:10     | Cast into level 1 of the Abyss (orc warrior)
 25165 | Abyss:1  | Found a corrupted altar of Lugonu.
 25228 | Abyss:1  | Gained mutation: You are dopey. (Int -2) [a cacodemon]
 25300 | D:10     | Escaped the Abyss
 25523 | D:10     | Noticed Urug
 25541 | D:10     | Killed Urug
 25655 | D:10     | Found Kogaeluxu's Antique Armour Emporium.
 25996 | D:11     | Received a gift from Trog
 26041 | D:11     | Noticed Toogi's ghost (journeyman DrTm)
 26055 | D:11     | Killed Toogi's ghost
 26687 | D:11     | Found Dahate's Island Escapes.
 26819 | D:11     | Bought a scroll of blinking for 112 gold pieces
 27021 | D:12     | Noticed Aksej's ghost (journeyman DsGl)
 27058 | D:12     | Killed Aksej's ghost
 27295 | D:12     | Received a gift from Trog
 28703 | D:13     | Received a gift from Trog
 28843 | D:13     | Received a gift from Trog
 29112 | D:13     | Noticed Gastronok
 29130 | D:13     | Killed Gastronok
 29332 | D:13     | Found a gate to the Vaults.
 29368 | D:13     | Reached XP level 18. HP: 185/185 MP: 23/23
 29446 | D:13     | Received a gift from Trog
 30294 | D:14     | Found a snail-covered altar of Cheibriados.
 30438 | D:14     | Received a gift from Trog
 30744 | D:15     | Entered Level 15 of the Dungeon
 31308 | D:15     | Found a white marble altar of Elyvilon.
 31630 | D:15     | Found a staircase to the Depths.
 31990 | Shoals:1 | Entered Level 1 of the Shoals
 32068 | Shoals:1 | Found a flickering gateway to a bazaar.
 32214 | Bazaar   | Entered a bazaar
 32214 | Bazaar   | Found Yckynk's Distillery.
 32214 | Bazaar   | Found Wizay's Magic Scroll Emporium.
 32215 | Bazaar   | Found Untaune's General Store.
 32215 | Bazaar   | Found Gofetuc's Distillery.
 32237 | Bazaar   | Bought a potion of heal wounds for 55 gold pieces
 32237 | Bazaar   | Bought a potion of curing for 33 gold pieces
 32237 | Bazaar   | Bought a potion of curing for 33 gold pieces
 32237 | Bazaar   | Bought a potion of heal wounds for 55 gold pieces
 32247 | Bazaar   | Bought a potion of curing for 27 gold pieces
 32247 | Bazaar   | Bought a potion of resistance for 90 gold pieces
 32257 | Bazaar   | Bought a potion of resistance for 110 gold pieces
 32500 | Shoals:1 | Received a gift from Trog
 32531 | Shoals:1 | Identified the +9 shortbow of Governance {freeze, Stlth+} (You found it on level 1 of the Snake Pit)
 33931 | Shoals:3 | Received a gift from Trog
 34203 | Shoals:3 | Reached skill level 10 in Evocations
 34440 | Shoals:4 | Entered Level 4 of the Shoals
 34509 | Shoals:4 | Reached XP level 19. HP: 144/195 MP: 22/25
 34803 | Shoals:4 | Noticed Eptagon's ghost (adept SpEn)
 34854 | Shoals:4 | Killed Eptagon's ghost
 35332 | Shoals:4 | Noticed Ilsuiw
 35366 | Shoals:4 | Killed Ilsuiw
 35816 | Shoals:4 | Received a gift from Trog
 36087 | Shoals:4 | Got a coiled amber ring
 36090 | Shoals:4 | Identified the ring of the Messenger {rF+ rC+ Dex+2} (You took it off a merfolk on level 4 of the Shoals)
 36153 | Shoals:4 | Received a gift from Trog
 36459 | Shoals:4 | Got a barnacled rune of Zot
 36924 | Shoals:4 | Got a twisted spear
 36925 | Shoals:4 | Identified the +9 spear "Sarcophage" {freeze, rF- Int+5 Dex+4} (You found it on level 4 of the Shoals)
 37253 | Vaults:1 | Entered Level 1 of the Vaults
 38005 | Vaults:1 | Received a gift from Trog
 38345 | Vaults:1 | Received a gift from Trog
 38904 | Vaults:2 | Noticed Jory
 38932 | Vaults:2 | Killed Jory
 39098 | Vaults:2 | Received a gift from Trog
 39157 | Vaults:2 | Found a staircase to the Crypt.
 39157 | Vaults:2 | Found a basalt altar of Yredelemnul.
 39158 | Vaults:2 | Found an ancient bone altar of Kikubaaqudgha.
 39395 | Vaults:2 | Received a gift from Trog
 39425 | Vaults:2 | Reached XP level 20. HP: 192/206 MP: 28/28
 39504 | Vaults:2 | Received a gift from Trog
 40769 | Vaults:2 | Received a gift from Trog
 42126 | Vaults:3 | Received a gift from Trog
 42700 | Vaults:4 | Found Pataong's Jewellery Shop.
 42873 | Vaults:4 | Received a gift from Trog
 42958 | Vaults:4 | Reached XP level 21. HP: 217/217 MP: 29/29
 43405 | Vaults:4 | Paralysed by a floating eye for 3 turns
 43840 | Vaults:4 | Received a gift from Trog
 44175 | Vaults:4 | Found Avvant's General Store.
 44184 | Vaults:4 | Bought a scroll of teleportation for 45 gold pieces
 44673 | Elf:1    | Entered Level 1 of the Elven Halls
 45358 | Elf:1    | Received a gift from Trog
 45475 | Elf:1    | Received a gift from Trog
 46545 | Elf:2    | Found a runed gate.
 46556 | Elf:2    | Found a runed gate.
 46558 | Elf:2    | Found a runed gate.
 46732 | Elf:2    | Received a gift from Trog
 46974 | Elf:2    | Noticed Louise
 47108 | Elf:2    | Killed Louise
 47236 | Elf:2    | Reached XP level 22. HP: 231/231 MP: 30/30
 47522 | Elf:3    | Entered Level 3 of the Elven Halls
 48074 | Elf:2    | Received a gift from Trog
 48297 | Elf:3    | Received a gift from Trog
 48309 | Elf:3    | Reached skill level 27 in Fighting
 48859 | Elf:3    | Got a smoking steel amulet
 48861 | Elf:3    | Identified the amulet "Less" {+Rage MP+9} (You took it off a deep elf annihilator on level 3 of the Elven Halls)
 48902 | Elf:3    | Received a gift from Trog
 49856 | Depths:1 | Entered Level 1 of the Depths
 50105 | Depths:1 | Received a gift from Trog
 50618 | Crypt:1  | Entered Level 1 of the Crypt
 50776 | Crypt:1  | Got a steaming whip
 50777 | Crypt:1  | Identified the +6 whip of the Poles {chaos, Dex+7 Stlth+} (You found it on level 1 of the Crypt)
 51215 | Crypt:1  | Received a gift from Trog
 51509 | Crypt:1  | Reached skill level 10 in Maces & Flails
 51629 | Crypt:2  | Reached XP level 23. HP: 240/240 MP: 22/31
 51636 | Crypt:2  | Received a gift from Trog
 51929 | Crypt:2  | Reached skill level 5 in Stealth
 52078 | Crypt:2  | Received a gift from Trog
 52380 | Crypt:2  | Received a gift from Trog
 52518 | Crypt:3  | Entered Level 3 of the Crypt
 52682 | Crypt:3  | Received a gift from Trog
 52690 | Crypt:3  | Found a staircase to the Tomb.
 53027 | Crypt:3  | Noticed Frederick
 53054 | Crypt:3  | Killed Frederick
 53062 | Crypt:3  | Noticed Mara
 53088 | Crypt:3  | Noticed Vile's illusion
 53560 | Crypt:3  | Noticed Vile's illusion
 53563 | Crypt:3  | Killed Mara
 54565 | Crypt:3  | Noticed a greater mummy
 54570 | Crypt:3  | Found a basalt altar of Yredelemnul.
 54590 | Crypt:3  | Killed a greater mummy
 54701 | Crypt:3  | Received a gift from Trog
 54723 | Crypt:3  | Noticed Boris
 54745 | Crypt:3  | Killed Boris
 54811 | Crypt:3  | Received a gift from Trog
 55734 | Depths:1 | Received a gift from Trog
 55831 | Depths:1 | Gained mutation: You are very dopey. (Int -4) [a shining eye]
 55832 | Depths:1 | Gained mutation: You are frail. (-10% HP) [a shining eye]
 55836 | Depths:1 | Gained mutation: Your spells are a little easier to cast, but a little less powerful. [a shining eye]
 56156 | Depths:1 | Reached XP level 24. HP: 181/224 MP: 22/31
 56179 | Depths:1 | Reached skill level 10 in Stealth
 56208 | Depths:1 | Noticed a juggernaut
 56220 | Depths:1 | Killed a juggernaut
 56595 | Depths:1 | Got a serpentine tin ring
 56597 | Depths:1 | Identified the ring of Intercession {rC+ Int+5 Dex+3} (You took it off a yaktaur captain on level 1 of the Depths)
 56805 | Depths:1 | Received a gift from Trog
 56945 | Depths:1 | Found a gateway to Hell.
 57250 | Depths:2 | Found a gateway to a ziggurat.
 57259 | Depths:2 | Noticed Jorgrun
 57277 | Depths:2 | Killed Jorgrun
 57689 | Depths:2 | Reached skill level 15 in Shields
 57762 | Depths:2 | Noticed the Enchantress
 57779 | Depths:2 | Killed the Enchantress
 58119 | Depths:2 | Got a transparent buckler
 58130 | Depths:2 | Identified the +0 buckler "Ratri Koalo" {*Slow rElec rCorr Dex+4} (You found it on level 2 of the Depths)
 58388 | Depths:2 | Received a gift from Trog
 58593 | Depths:2 | Noticed Asterion
 58611 | Depths:2 | Killed Asterion
 58668 | Depths:2 | Received a gift from Trog
 59088 | Depths:2 | Received a gift from Trog
 59098 | Depths:2 | Found a bloodstained altar of Trog.
 59408 | Depths:2 | Received a gift from Trog
 59823 | Depths:3 | Found a one-way gate leading to the halls of Pandemonium.
 59965 | Depths:3 | Found Ucseente's Gadget Emporium.
 59966 | Depths:3 | Found Zastrai's Jewellery Boutique.
 59969 | Depths:3 | Found Pir Jul's Gadget Emporium.
 60418 | Depths:3 | Reached XP level 25. HP: 206/231 MP: 22/31
 60436 | Depths:3 | Received a gift from Trog
 60551 | Depths:3 | Found a one-way gate to the infinite horrors of the Abyss.
 61060 | Depths:4 | Reached skill level 27 in Armour
 62161 | Depths:4 | Received a gift from Trog
 62709 | Depths:4 | Received a gift from Trog
 63070 | Depths:4 | Got a wavering steel ring
 63078 | Depths:4 | Identified the ring of Eternal Harmony {rF+ Int+4 Stlth+} (You found it on level 4 of the Depths)
 63172 | Depths:4 | Noticed Margery
 63455 | Depths:4 | Received a gift from Trog
 63514 | Depths:4 | Cast into level 5 of the Abyss (Margery)
 63514 | Abyss:5  | Entered Level 5 of the Abyss
 63551 | Abyss:5  | Received a gift from Trog
 63711 | Abyss:5  | Paralysed by accursed screaming for 2 turns
 63850 | Abyss:5  | Paralysed by accursed screaming for 2 turns
 63973 | Depths:4 | Escaped the Abyss
 63985 | Depths:4 | Killed Margery
 64172 | Depths:4 | Found a shattered altar of Ashenzari.
 64205 | Depths:5 | Entered Level 5 of the Depths
 64224 | Depths:5 | Found a gate to the Realm of Zot.
 64244 | Depths:4 | Reached skill level 1 in Throwing
 64911 | Depths:5 | Received a gift from Trog
 65296 | Depths:5 | Reached XP level 26. HP: 239/239 MP: 31/31
 65462 | Depths:5 | Received a gift from Trog
 65901 | Depths:5 | Reached skill level 5 in Throwing
 67262 | Vaults:5 | Entered Level 5 of the Vaults
 67331 | Vaults:4 | Reached skill level 10 in Dodging
 67586 | Vaults:5 | Received a gift from Trog
 67756 | Vaults:5 | Received a gift from Trog
 67989 | Vaults:5 | Noticed an ancient lich
 69005 | Vaults:5 | Killed an ancient lich
 69469 | Vaults:5 | Received a gift from Trog
 70723 | Vaults:5 | Reached XP level 27. HP: 206/243 MP: 31/31
 71064 | Vaults:5 | Identified the +0 cloak of the Cricket {rF- Str+8 Dex-5 Stlth+} (You acquired it on level 5 of the Vaults)
 71391 | Vaults:5 | Received a gift from Trog
 71531 | Vaults:5 | Received a gift from Trog
 71679 | Vaults:5 | Reached skill level 15 in Stealth
 71938 | Vaults:4 | Reached skill level 15 in Dodging
 71979 | Vaults:5 | Received a gift from Trog
 72424 | Vaults:5 | Identified Umulihu's Papyrus of Transmutation and Enchantment
 72837 | Vaults:5 | Got a silver rune of Zot
 73277 | Zot:1    | Entered Level 1 of the Realm of Zot
 73362 | Zot:1    | Received a gift from Trog
 74283 | Vaults:4 | Bought the cursed ring of Owelal {rF- rN++ MR+ Dex-3} for 226 gold pieces
 74305 | Vaults:4 | Bought a potion of might for 60 gold pieces
 75943 | Zot:1    | Reached skill level 15 in Polearms
 77253 | Zot:2    | Received a gift from Trog
 77786 | Zot:2    | Noticed an orb of fire
 77787 | Zot:2    | Gained mutation: You occasionally shout uncontrollably at your foes. [an orb of fire]
 77806 | Zot:2    | Killed an orb of fire
 80002 | Zot:3    | Identified the Catalogue of Enhancements
 81216 | Zot:5    | Entered Level 5 of the Realm of Zot
 81779 | Depths:3 | Bought an uncursed ring of fire for 375 gold pieces
 81779 | Depths:3 | Bought an uncursed ring of protection from fire for 375 gold pieces
 83653 | Zot:5    | Noticed an orb of fire
 83655 | Zot:5    | Gained mutation: Scrolls take you a little longer to read. [an orb of fire]
 83667 | Zot:5    | Gained mutation: You are occasionally teleported next to monsters. [an orb of fire]
 83670 | Zot:5    | Killed an orb of fire
 83683 | Zot:5    | Received a gift from Trog
 84158 | Shoals:1 | Lost mutation: Your flesh is heat resistant. (rF+) [potion of mutation]
 84158 | Shoals:1 | Lost mutation: You are resistant to hostile enchantments. (MR+) [potion of mutation]
 84158 | Shoals:1 | Lost mutation: Your spells are a little easier to cast, but a little less powerful. [potion of mutation]
 84158 | Shoals:1 | Lost mutation: You occasionally shout uncontrollably at your foes. [potion of mutation]
 84158 | Shoals:1 | Lost mutation: You are partially covered in thin metallic scales. (AC +2) [potion of mutation]
 84158 | Shoals:1 | Lost mutation: You are very dopey. (Int -4) [potion of mutation]
 84158 | Shoals:1 | Gained mutation: You have a somewhat thin skeletal structure. (Dex +2, Stealth) [potion of mutation]
 84159 | Shoals:1 | Lost mutation: Your natural rate of healing is unusually fast. [potion of mutation]
 84159 | Shoals:1 | Lost mutation: Scrolls take you a little longer to read. [potion of mutation]
 84159 | Shoals:1 | Lost mutation: You are frail. (-10% HP) [potion of mutation]
 84159 | Shoals:1 | Lost mutation: You have large cloven feet. [potion of mutation]
 84159 | Shoals:1 | Gained mutation: Your spells are a little easier to cast, but a little less powerful. [potion of mutation]
 84159 | Shoals:1 | Gained mutation: You can translocate small distances at will. [potion of mutation]
 84160 | Shoals:1 | Lost mutation: You have a somewhat thin skeletal structure. (Dex +2, Stealth) [potion of mutation]
 84160 | Shoals:1 | Lost mutation: Your spells are a little easier to cast, but a little less powerful. [potion of mutation]
 84160 | Shoals:1 | Lost mutation: You are dopey. (Int -2) [potion of mutation]
 84160 | Shoals:1 | Lost mutation: You are occasionally teleported next to monsters. [potion of mutation]
 84160 | Shoals:1 | Lost mutation: You can translocate small distances at will. [potion of mutation]
 84160 | Shoals:1 | Gained mutation: You are partially covered in rugged brown scales. (AC +1, +3% HP) [potion of mutation]
 84160 | Shoals:1 | Gained mutation: You have a pair of large horns on your head. [potion of mutation]
 84160 | Shoals:1 | Gained mutation: Your natural rate of healing is unusually fast. [potion of mutation]
 84160 | Shoals:1 | Gained mutation: You possess an exceptional clarity of mind. [potion of mutation]
 84799 | Zot:5    | Noticed an ancient lich
 84823 | Zot:5    | Killed an ancient lich
 84903 | Zot:5    | Noticed an orb of fire
 84908 | Zot:5    | Noticed an orb of fire
 84920 | Zot:5    | Gained mutation: Scrolls take you a little longer to read. [an orb of fire]
 84923 | Zot:5    | Noticed an orb of fire
 84925 | Zot:5    | Gained mutation: You heal very quickly. [an orb of fire]
 84928 | Zot:5    | Killed an orb of fire
 84929 | Zot:5    | Killed an orb of fire
 84931 | Zot:5    | Noticed an ancient lich
 84950 | Zot:5    | Gained mutation: You are weak. (Str -2) [an orb of fire]
 84951 | Zot:5    | Killed an orb of fire
 84970 | Zot:5    | Noticed an ancient lich
 84986 | Zot:5    | Lost mutation: You possess an exceptional clarity of mind. [potion of mutation]
 84986 | Zot:5    | Lost mutation: You are weak. (Str -2) [potion of mutation]
 84986 | Zot:5    | Lost mutation: Scrolls take you a little longer to read. [potion of mutation]
 84986 | Zot:5    | Lost mutation: You have a pair of large horns on your head. [potion of mutation]
 84986 | Zot:5    | Lost mutation: You heal very quickly. [potion of mutation]
 84986 | Zot:5    | Lost mutation: Your natural rate of healing is unusually fast. [potion of mutation]
 84986 | Zot:5    | Gained mutation: You are partially covered in iridescent scales. (AC +2) [potion of mutation]
 84986 | Zot:5    | Gained mutation: You are robust. (+10% HP) [potion of mutation]
 84996 | Zot:5    | Noticed an ancient lich
 84997 | Zot:5    | Noticed an ancient lich
 84997 | Zot:5    | HP: 23/462 [Orb Guardian (9)]
 85000 | Zot:5    | Noticed an orb of fire
 85003 | Zot:5    | HP: 21/462 [Orb Guardian (7)]
 85005 | Zot:5    | Killed an ancient lich
 85009 | Zot:5    | HP: 10/462 [orb of fire/bolt of fire (14)]
 85009 | Zot:5    | Slain by an Orb Guardian

Vault maps used:
D:1:      kennysheep_arrival_forest
D:2:      corexii_item_surrounded_by_moat
D:3:      old_standard_altar, first_bread
D:4:      grunt_temple_overflow_magic_moments, grunt_dithmenos_shadows
D:5:      nicolae_qazlal_general_emergency
D:6:      lemuel_coloured_pillars_altar, okawaru_metal_pillars_3, uniq_sigmund
D:7:      minmay_overflow_temple_star_quad, minmay_temple_entry_overgrown,
          enter_bailey_3, uniq_duvessa
D:8:      fedhas_altar_2, kennysheep_mini_moat, nicolae_ossuary_entry_catacombs
D:9:      lemuel_round_altar, david_orc_2
D:10:     minmay_firetagon, serial_shops,
          nicolae_shop_competitors_out_of_business, uniq_urug
D:11:     lab_entry_generic, hangedman_little_slice_of_home,
          nicolae_island_escapes, uniq_gastronok
D:13:     hangedman_what_comes_after_a, erik_vaults_2
D:14:     cheibriados_altar_1
D:15:     hangedman_depths_entry_try_elsewhere_first, kennysheep_flooded_box,
          grunt_ministairs_14
Temple:   compressed_dpeg_triangle_lava_temple
Lair:1:   lemuel_fruit_fields, lemuel_fruit_fields
Lair:2:   serial_bayou_ford_a
Lair:3:   minmay_snake_entry_six_corridors, minmay_lair_oklob_items, uniq_rupert
Lair:4:   minmay_shoals_entry_beasts, enter_volcano_2, uniq_sonja
Lair:5:   minmay_slime_entry_oklob_enclosed, grunt_megastairs_4,
          serial_bayou_shore_b, uniq_snorg, uniq_kirke
Lair:6:   hangedman_lair_tendril_chambers
Shoals:1: serial_shops, bzr_entry_lakeside
Shoals:4: shoals_end_simple, shoals_ilsuiw_ice
Snake:1:  st_stairs_1, serial_bayou_shore_a
Snake:2:  serial_shops, shop, uniq_aizul
Snake:3:  fake_guardian_serpent_vault
Snake:4:  grunt_snake_rune_spirals, serial_shops, shop
Orc:2:    st_orc_mages, serial_shops, shop_coins, uniq_josephine,
          uniq_saint_roka, uniq_nessos
Elf:1:    eino_elf_arrival_the_gate, minivault_28,
          roderic_lattice_octagonal_star
Elf:2:    uniq_louise
Elf:3:    grunt_elf_hall_asides
Vaults:1: v_misc_9, nicolae_vaults_theta, v_misc_5, v_rooms_4, v_pattern_3,
          hangedman_vaults_stagger, nicolae_vaults_ring_of_whatevers,
          ontoclasm_vaults_chip, ontoclasm_vaults_loading_screen
Vaults:2: grunt_vaults_swirl, v_alt_pattern_4, ontoclasm_vaults_eye,
          nicolae_vaults_an_arrangement, v_misc_28, v_misc_13,
          nicolae_vaults_hallways_thing, v_misc_19, ontoclasm_vaults_tryst,
          grunt_vaults_diagonal, ontoclasm_vaults_idyll, vaults_dpeg_hooks,
          minmay_crypt_entry_necro_gods, nicolae_vaults_puzzle_piece,
          v_pattern_2, vaults_standard_mumra_enter_the_diamond,
          vaults_dpeg_ring, uniq_jory
Vaults:3: st_star, ontoclasm_vaults_pinch, v_misc_13, v_misc_17,
          vaults_mumra_hexcomb, vaults_room_door_ring, vaults_room_hallway,
          v_misc_28, nicolae_vaults_ring_of_whatevers
Vaults:4: nicolae_vaults_fighting_squares, vaults_room_pools, v_misc_26,
          vaults_room_large_hall, nicolae_vaults_ring_of_whatevers,
          nicolae_vaults_network_s, v_rooms_2, nicolae_vaults_ring_of_whatevers,
          v_alt_pattern_2, nicolae_vaults_little_squares_5,
          hangedman_vaults_nails, grunt_vaults_funnel, v_misc_15,
          vaults_room_mumra_shop_pool, serial_shops, nicolae_shop_trees
Crypt:3:  church_of_pain_bobbens, tomb_entry_forgotten_bobbens,
          serial_sigils_hangedman_gut, uniq_boris, uniq_mara, uniq_frederick
Depths:1: hellmouth_3, minmay_checkered_concentric_circles
Depths:2: spriggan_forest, hell_entry, uniq_asterion, uniq_jorgrun
Depths:3: lemuel_castle_with_subvaults, abyss_entry, pan_entry, hell_entry,
          kennysheep_another_room, stair_cage_line, grunt_ministairs_2,
          infiniplex_staircase_zigzag_2, minmay_shop_grove
Depths:4: hangedman_cross_cluster, abyss_entry_crystal, ashenzari_altar_1,
          grunt_metal_band, lemuel_flamethrower_3
Depths:5: grunt_crosshair, abyss_entry, minivault_14, hell_entry
Zot:1:    grunt_ministairs_7, lemuel_baited_zot_trap
Zot:2:    grunt_ministairs_11
Zot:4:    grunt_megastairs_3
Zot:5:    basic_stair_grate_trap
Abyss:2:  abyss_furniture_001
Abyss:5:  evilmike_abyss_exit_mutagenic, patterned_corridor,
          evilmike_abyss_exit_15, due_evilmike_abyss_rune_seething_liches
Bazaar:   bazaar_jpeg_oval
Ossuary:  ossuary_minmay_tomb_2a
Bailey:   bailey_axe_4, bailey
Volcano:  volcano_lake

Skill      XL: |  1  2  3  4  5  6  7  8  9 10 11 12 13 14 15 16 17 18 19 20 21 22 23 24 25 26 27 |
---------------+----------------------------------------------------------------------------------+-----
Maces & Flails | 3 4 5 8 10 11 14 | 14.0
Fighting       | 4 5 6 7 8 10 11 13 16 19 20 21 22 23 25 26 27 | 27.0
Armour         | 4 5 7 11 12 13 15 17 18 19 21 23 25 26 27 | 27.0
Polearms       | 3 6 9 12 14 20 | 20.1
Evocations     | 8 10 13 14 | 14.6
Shields        | 5 10 11 14 16 18 20 | 20.0
Bows           | 2 9 10 11 | 11.2
Dodging        | 5 8 13 20 | 20.2
Stealth        | 4 9 12 13 14 15 | 15.4
Throwing       | 4 6 7 |  7.4

Action                   |  1- 3 |  4- 6 |  7- 9 | 10-12 | 13-15 | 16-18 | 19-21 | 22-24 | 25-27 || total
-------------------------+-------+-------+-------+-------+-------+-------+-------+-------+-------++-------
Melee: Flail             |   110 |   106 |       |       |       |       |       |       |       ||   216
       Headbutt          |    14 |    17 |    34 |   103 |   310 |   543 |   911 |   861 |  1637 ||  4430
       Spear             |       |    21 |   260 |   547 |  1465 |  2795 |  3248 |   590 |  3173 || 12099
       Kick              |       |       |    31 |   182 |   259 |       |       |       |       ||   472
       Trident           |       |       |       |     7 |    48 |       |    16 |  2204 |  1158 ||  3433
       Morningstar       |       |       |       |       |    23 |       |       |       |       ||    23
       Mace              |       |       |       |       |    26 |       |       |       |       ||    26
 Fire: Shortbow          |       |       |       |       |       |    88 |       |       |       ||    88
Throw: Stone             |       |       |       |       |       |       |       |       |    30 ||    30
Invok: Trog's Hand       |       |       |       |     5 |    15 |     9 |    35 |    22 |    40 ||   126
       Berserk           |       |       |       |     3 |    13 |     5 |     7 |    12 |    25 ||    65
       Burn Spellbooks   |       |       |       |     2 |     2 |     5 |     3 |     5 |    10 ||    27
       Brothers in Arms  |       |       |       |       |     1 |     1 |       |     4 |     7 ||    13
 Abil: Evoke Flight      |       |       |       |       |       |     2 |       |       |       ||     2
Evoke: Wand              |       |       |       |       |     1 |     2 |       |     6 |     6 ||    15
       Phantom mirror    |       |       |       |       |     1 |       |       |       |       ||     1
       Fan of gales      |       |       |       |       |       |     1 |       |       |       ||     1
  Use: Potion            |       |     2 |     1 |       |    10 |     1 |       |    11 |    28 ||    53
       Scroll            |       |       |       |     8 |    31 |    13 |     2 |     8 |    30 ||    92
 Stab: Distracted        |       |       |       |       |     1 |       |     1 |       |     1 ||     3
       Confused          |       |       |       |       |     1 |       |       |       |     5 ||     6
       Petrifying        |       |       |       |       |       |       |       |     1 |       ||     1
  Eat: Chunk             |       |     3 |     8 |     5 |    12 |    28 |    25 |       |     1 ||    82
       Meat ration       |       |     1 |       |     1 |     2 |     1 |     2 |     6 |    14 ||    27
       Bread ration      |       |       |     1 |     1 |     4 |     5 |     5 |     7 |     9 ||    32
       Fruit             |       |       |       |     8 |    13 |     2 |    10 |       |     4 ||    37
       Royal jelly       |       |       |       |       |     1 |     1 |     1 |     1 |     4 ||     8
Armor: Scale mail        |    40 |    40 |    22 |       |       |       |       |       |       ||   102
       Chain mail        |       |       |    35 |   153 |   172 |       |       |       |       ||   360
       Crystal plate arm |       |       |       |       |   420 |   764 |   698 |   826 |  1543 ||  4251
Dodge: Dodged            |    30 |    34 |    33 |    54 |   137 |   216 |   247 |   356 |  1410 ||  2517
       Deflected         |       |       |       |       |       |       |       |       |    96 ||    96
Block: Shield            |    61 |    64 |   115 |   161 |   826 |  1241 |  1487 |  1801 |   868 ||  6624
       Reflection        |       |       |       |       |    53 |   116 |   140 |    86 |   134 ||   529
       Buckler           |       |       |       |       |       |       |       |       |  1263 ||  1263
